Match 45824026
Unlisted

Match 45824026
End
Construct Section Command Post
Infantry Section
Infantry Section
Infantry Section
Infantry Section
Construct Platoon Command Post
Selects Air and Sea Battlegroup
Selects Commando Section Paradrop
Selects Commando Support Section Paradrop
Commando Support Section Paradrop
Construct Field Infirmary
Unlock M3 Stuart Light Tanks
M3 Stuart Light Tank
M3 Stuart Light Tank
6-pounder Anti-tank Gun Team
Infantry Training
Construct Company Command Post
Selects Anti-tank Rocket Loiter
Matilda II Heavy Tank
Foot Guards Section
Grenade Package
Selects Anti-tank Rocket Loiter
Matilda II Heavy Tank
Armored Vehicle Training
RoyalHants
Nico-Nico-Nii~~
0
0

Comments sign in to comment!

No comments posted yet!